 Dungeon Crawl Stone Soup version 0.31-a0-188-g5e087ee2ca (webtiles) character file.

Game seed: 7865866506072790507

95 qw the Shooter (level 4, -3/25 HPs)
             Began as a Deep Elf Hunter on June 23, 2023.
             Slain by a gnoll sergeant
             ... wielding a +0 spear
              (5 damage)
             ... on level 4 of the Dungeon.
             The game lasted 00:00:45 (2021 turns).

qw the Shooter (Deep Elf Hunter)                    Turns: 2021, Time: 00:00:46

Health: -3/25      AC:  8    Str: 10    XL:     4   Next: 39%
Magic:  6/6        EV: 11    Int: 14    God:
Gold:   93         SH:  0    Dex: 18    Spells: 3/3 levels left

rFire   . . .        Y - +1 shortbow (flame)
rCold   . . .        (shield currently unavailable)
rNeg    . . .        h - +0 ring mail
rPois   .            (no helmet)
rElec   .            (no cloak)
rCorr   .            c - +2 pair of gloves
SInv    .            (no boots)
Will    .....        (no amulet)
Stlth   +            (no ring)
HPRegen 0.24/turn    (no ring)
MPRegen 0.10/turn

%: no passive effects
@: no status effects
A: no striking features
a: no special abilities


You were on level 4 of the Dungeon.
You visited 1 branch of the dungeon, and saw 4 of its levels.

You collected 93 gold pieces.


   Skills:
 - Level 1.5 Fighting
 + Level 7.8 Ranged Weapons
 - Level 2.4 Dodging
 - Level 1.2 Stealth


You had 3 spell levels left.
You didn't know any spells.
Your spell library was empty.

Inventory:

Hand Weapons
 Y - a +1 shortbow of flaming (weapon)
Armour
 c - a +2 pair of gloves (worn)
 h - a +0 ring mail (worn)
Scrolls
 i - a scroll of identify
Potions
 d - a potion of cancellation
 e - a potion of curing

Dungeon Overview and Level Annotations

Branches:
Dungeon (4/15)
 Temple: D:4-7

Altars:
Nemelex Xobeh


Message History

You shoot an arrow. The arrow barely misses the quokka.
The gnoll sergeant hits you but does no damage.
You shoot an arrow. The adder hisses angrily.
The arrow hits the quokka!
The arrow burns the quokka.
You kill the quokka!
The gnoll sergeant barely misses you.
You shoot an arrow. The arrow hits the gnoll.
The arrow burns the gnoll.
You kill the gnoll!
The gnoll sergeant hits you from afar with a +0 spear!
You shoot an arrow.
The arrow barely misses the gnoll sergeant.
The arrow closely misses the gnoll.
The arrow hits the adder.
The arrow burns the adder.
The adder is lightly wounded.
The gnoll sergeant closely misses you.
You shoot an arrow.
The arrow hits the gnoll sergeant but does no damage.
The gnoll sergeant hits you but does no damage.
You shoot an arrow. The arrow barely misses the gnoll.
The arrow hits the adder.
The arrow burns the adder.
The adder is heavily wounded.
The gnoll closely misses you.
The gnoll sergeant hits you from afar with a +0 spear.
The gnoll hits you with a +0 whip.
The gnoll sergeant hits you from afar with a +0 spear.
The adder bites you but does no damage.
You shoot an arrow. The arrow hits the adder!
The arrow burns the adder.
You kill the adder!
The gnoll barely misses you.
The gnoll sergeant hits you but does no damage.
You shoot an arrow. The arrow hits the sleepcap.
The arrow burns the sleepcap.
The sleepcap is lightly damaged.
The gnoll barely misses you.
The gnoll sergeant hits you from afar with a +0 spear.
The sleepcap barely misses you.
You shoot an arrow. The arrow hits the sleepcap.
The arrow burns the sleepcap.
The sleepcap is moderately damaged.
The gnoll sergeant hits you from afar with a +0 spear.
You die...

....<..
....$..######
............#
f...........#
g.g.........#
.....)......#
......g)....#
#gf...#
#@....+
#.....#
#.....#
#<....#
#.....#
#.....#
#.....#
#######


You could see a sleepcap, a gnoll sergeant and a gnoll.

Vanquished Creatures
  2 adders
  2 gnolls (D:4)
  A worm (D:3)
  An orc (D:3)
  6 ball pythons
  5 bats
  5 endoplasms
  2 giant cockroaches
  3 goblins
  4 hobgoblins
  4 jackals (D:3)
  3 kobolds
  4 quokkas
  4 frilled lizards
  6 rats (D:1)
52 creatures vanquished.

Notes
Turn   | Place    | Note
-------+----------+-------------------------------------------
     0 | D:1      | qw the Deep Elf Hunter began the quest for the Orb.
     0 | D:1      | Reached XP level 1. HP: 12/12 MP: 3/3
     0 | D:1      | 0 ||| qw: Version: 0.3-a-9-g12657ce
     0 | D:1      | 0 ||| qw: Game counter: 4271
     0 | D:1      | 0 ||| qw: Always use a shield: true
     0 | D:1      | 0 ||| qw: God list: Okawaru
     0 | D:1      | 0 ||| qw: Allow faded altars: false
     0 | D:1      | 0 ||| qw: Do Orc after D:15 true
     0 | D:1      | 0 ||| qw: Do second Lair branch before Depths: true
     0 | D:1      | 0 ||| qw: Lair rune preference: random
     0 | D:1      | 0 ||| qw: Plans: Normal
     0 | D:1      | 0 ||| PLANNING D:1-11
   138 | D:1      | Reached XP level 2. HP: 16/16 MP: 4/4
   148 | D:1      | Reached skill level 6 in Ranged Weapons
   440 | D:1      | Reached XP level 3. HP: 20/20 MP: 5/5
   450 | D:1      | 450 ||| READING scroll labelled ABBUAC LUNEO.
   451 | D:1      | 451 ||| READING scroll labelled KEHOADEUZU.
   452 | D:1      | 452 ||| DRINKING 2 glowing ruby potions.
   453 | D:1      | 453 ||| DROPPING scroll of butterflies.
  1272 | D:2      | 1272 ||| UPGRADING to +0 ring mail.
  1282 | D:2      | 1282 ||| DROPPING +0 leather armour.
  1283 | D:2      | 1283 ||| READING 2 scrolls labelled IDAGOGH OCUDD.
  1284 | D:2      | 1284 ||| READING scroll labelled WULLIB IGATANA.
  1285 | D:2      | 1285 ||| READING scroll labelled HEDIGACURE.
  1286 | D:2      | 1286 ||| DROPPING scroll of blinking.
  1533 | D:3      | Found a faded altar of an unknown god.
  1540 | D:3      | Reached skill level 7 in Ranged Weapons
  1848 | D:3      | Found a sparkling altar of Nemelex Xobeh.
  1918 | D:3      | 1918 ||| UPGRADING to +2 pair of gloves.
  1923 | D:3      | 1923 ||| READING scroll labelled GENAWN LANEIST.
  1924 | D:3      | 1924 ||| READING scroll labelled XEICEQOHEDI.
  1925 | D:3      | 1925 ||| READING 2 scrolls labelled UTORUW OKIEGEL.
  1926 | D:3      | 1926 ||| READING scroll labelled TIAKUT ISHOSH.
  1927 | D:3      | 1927 ||| READING scroll labelled IDUDAB MOYPU.
  1928 | D:3      | 1928 ||| READING 3 scrolls of identify.
  1928 | D:3      | 1928 ||| IDENTIFYING yellow potion
  1929 | D:3      | 1929 ||| READING 2 scrolls of identify.
  1929 | D:3      | 1929 ||| IDENTIFYING puce potion
  1930 | D:3      | 1930 ||| DROPPING scroll of amnesia.
  1931 | D:3      | 1931 ||| DROPPING potion of attraction.
  1933 | D:3      | 1933 ||| Stepping ~*~*~tactically~*~*~ (cloud).
  1934 | D:3      | 1934 ||| DRINKING 2 potions of curing.
  1934 | D:3      | 1934 ||| (to cure poison)
  2008 | D:4      | Noticed a gnoll sergeant
  2009 | D:4      | 2009 ||| Stepping ~*~*~tactically~*~*~ (outnumbered).
  2011 | D:4      | Reached XP level 4. HP: 25/25 MP: 6/6
  2018 | D:4      | HP: 4/25 [gnoll sergeant/+0 spear (5)]
  2020 | D:4      | HP: 1/25 [gnoll sergeant/+0 spear (3)]
  2021 | D:4      | Slain by a gnoll sergeant

Levels and vault maps discovered:
D:1:      minmay_arrival_widening_spiral_wide, layout_basic,
          chequers_serial_rivers_marsh
D:2:      layout_loops_corners, hangedman_abyss_or_decor_lesser_grid,
          serial_park_tiny_1
D:3:      layout_basic, lemuel_crystal_altar, basic_ecumenical_altar
D:4:      layout_gridville, mainiacjoe_overflow_cross_hatched

Skill      XL: |  1  2  3 |
---------------+----------+-----
Ranged Weapons | 6 7 |  7.8
Fighting       | |  1.5
Dodging        | |  2.4
Stealth        | |  1.2

Action                     |  1- 3 |  4- 6 || total
---------------------------+-------+-------++-------
   Fire: Shortbow          |   101 |    11 ||   112
    Use: Scroll            |    12 |       ||    12
         Potion            |     2 |       ||     2
 Armour: Leather armour    |     1 |       ||     1
         Ring mail         |       |     4 ||     4
  Dodge: Dodged            |    10 |     6 ||    16

Table legend:
 A = Non-vault XP
 B = Vault XP
 C = Vault XP percentage of total XP
 D = Non-vault monster count
 E = Vault monster count
 F = Vault count percentage of total count
                 A         B        C        D         E       F
            +---------+---------+-------+---------+---------+-------
      Total |     136 |       0 |   0.0 |      52 |       0 |   0.0
            +---------+---------+-------+---------+---------+-------
        D:1 |      41 |       0 |   0.0 |      27 |       0 |   0.0
        D:2 |      10 |       0 |   0.0 |       7 |       0 |   0.0
        D:3 |      41 |       0 |   0.0 |      14 |       0 |   0.0
        D:4 |      44 |       0 |   0.0 |       4 |       0 |   0.0
            +---------+---------+-------+---------+---------+-------
